 Dungeon Crawl Stone Soup version 0.22-a0-322-g60b3cfd (webtiles) character file.

3215 xccam the Grappler (level 9, -3/71 HPs)
             Began as a Gnoll Wanderer on Apr 4, 2018.
             Was a Follower of Cheibriados.
             Slain by an elephant (8 damage)
             ... on level 8 of the Dungeon.
             The game lasted 00:17:46 (6922 turns).

xccam the Grappler (Gnoll Wanderer)                 Turns: 6922, Time: 00:17:46

Health: -3/71      AC: 15    Str: 26    XL:     9   Next: 97%
Magic:  8/8        EV:  8    Int: 16    God:    Cheibriados [*.....]
Gold:   267        SH: 11    Dex: 16    Spells: 17/17 levels left

rFire    . . .     SeeInvis .   D - +0 spear (antimagic)
rCold    . . .     Gourm    .   C - +0 shield
rNeg     . . .     Faith    .   l - +0 plate armour
rPois    .         Spirit   .   (no helmet)
rElec    .         Reflect  .   g - +1 cloak
rCorr    .         Harm     .   o - +0 pair of gloves
MR       .....                  (no boots)
Stlth    ..........             w - amulet of regeneration
HPRegen  0.61/turn              i - ring of stealth
MPRegen  0.11/turn              A - ring of magical power

@: mighty, very slow
A: distributed training, fangs 1, strong nose
a: Bend Time, Renounce Religion


You were on level 8 of the Dungeon.
You worshipped Cheibriados.
Cheibriados was aware of your devotion.
You were not hungry.

You visited 2 branches of the dungeon, and saw 9 of its levels.

You collected 267 gold pieces.

Inventory:

Hand Weapons
 x - a +0 short sword
 D - a +0 antimagic spear (weapon)
Missiles
 s - 4 javelins (quivered)
Armour
 d - a +0 robe
 g - a +1 cloak (worn)
 l - a +0 plate armour (worn)
 o - a +0 pair of gloves (worn)
 C - a +0 shield (worn)
Jewellery
 i - a ring of stealth (left hand)
 q - an uncursed ring of magical power
 w - an amulet of regeneration (around neck)
 z - an uncursed ring of protection from magic {unknown}
 A - a ring of magical power (right hand)
Wands
 a - a wand of paralysis (1)
 t - a wand of polymorph (7)
Scrolls
 b - 4 scrolls of teleportation
 e - 3 scrolls of enchant armour
 n - a scroll of fog
 p - 2 scrolls of blinking
 u - a scroll of enchant weapon
 E - a scroll of remove curse
Potions
 c - 3 potions of curing
 h - 2 potions of agility
 j - a potion of flight {unknown}
 k - a potion of lignification {unknown}
 m - a potion of haste {unknown}
 r - 2 potions of brilliance
 v - a potion of might
 B - a potion of ambrosia {unknown}
Comestibles
 f - 15 rations


   Skills:
 + Level 6.6 Fighting
 + Level 6.6 Short Blades
 + Level 4.6 Long Blades
 + Level 4.6 Axes
 + Level 4.6 Maces & Flails
 + Level 4.6 Polearms
 + Level 4.6 Staves
 + Level 4.6 Slings
 + Level 4.6 Bows
 + Level 4.6 Crossbows
 + Level 4.6 Throwing
 + Level 4.6 Armour
 + Level 5.4 Dodging
 + Level 5.3 Stealth
 + Level 4.6 Shields
 + Level 8.1 Unarmed Combat
 + Level 4.6 Spellcasting
 + Level 3.8 Conjurations
 + Level 3.8 Hexes
 + Level 3.8 Charms
 + Level 3.8 Summonings
 + Level 3.8 Necromancy
 + Level 3.8 Translocations
 + Level 3.8 Transmutations
 + Level 3.8 Fire Magic
 + Level 3.8 Ice Magic
 + Level 3.8 Air Magic
 + Level 3.8 Earth Magic
 + Level 3.8 Poison Magic
 + Level 5.1 Invocations
 + Level 5.4 Evocations


You had 17 spell levels left.
You didn't know any spells.

Dungeon Overview and Level Annotations

Branches:
Dungeon (8/15)             Temple (1/1) D:7
   Lair: D:8-11

Altars:
Ashenzari
Cheibriados
Dithmenos
Elyvilon
Fedhas
Gozag
Hepliaklqana
Kikubaaqudgha
Makhleb
Nemelex Xobeh
Okawaru
Qazlal
Ru
Sif Muna
Trog
Uskayaw
Vehumet
Wu Jian
Xom
Yredelemnul
Zin
The Shining One


Innate Abilities, Weirdness & Mutations

Your experience applies equally to all skills.
You have very sharp teeth.
Your uncanny sense of smell can sniff out nearby items.


Message History

The elephant tramples you!
* * * LOW HITPOINT WARNING * * *
You stumble backwards!
You feel very mighty all of a sudden. The elephant closely misses you.
The elephant trunk-slaps you but does no damage.
You puncture the elephant!
The elephant is lightly wounded.
The elephant tramples you.
* * * LOW HITPOINT WARNING * * *
You stumble backwards!
You puncture the elephant! You bite the elephant.
The elephant is heavily wounded.
The elephant tramples you.
* * * LOW HITPOINT WARNING * * *
You stumble backwards!
You block the elephant's attack.
The elephant trunk-slaps you but does no damage.
The elephant tramples you!
You die...

########### #.........#
#....####Y# #.... #@#
#..). #.# #.... #.#
#.... #.# #.... #.#
############ #########.#
#..........# .........#
#..........# #.#
#########.###..........#
#.# #....#
#.##...........#


You could see an elephant.

Vanquished Creatures
  A mana viper (D:8)
  Joseph (D:7)
  A wyvern (D:8)
  An orc warrior (D:8)
  A sky beast (D:5)
  3 black bears
  2 ice beasts
  2 ogres
  2 centaurs (D:6)
  A big kobold (D:8)
  The ghost of p0werm0de the Sneak, an amateur FeCK of Xom (D:6)
  A gnoll sergeant (D:7)
  A scorpion (D:8)
  3 howler monkeys
  2 crimson imps
  5 hounds
  3 orc priests
  8 worker ants
  3 iguanas
  2 orc wizards
  A killer bee zombie (D:8)
  A hound zombie (D:5)
  A hound skeleton (D:4)
  11 gnolls
  A howler monkey skeleton (D:4)
  9 adders
  A shadow imp (D:5)
  An ooze (D:2)
  An adder zombie (D:5)
  4 worms
  A dart slug (D:2)
  4 leopard geckos
  15 orcs
  7 giant cockroaches
  8 goblins
  9 hobgoblins
  7 jackals
  A quokka (D:8)
  A ball python (D:6)
  A ball python skeleton (D:4)
  8 bats
  4 frilled lizards
  15 kobolds
  A leopard gecko skeleton (D:5)
  A leopard gecko zombie (D:3)
  2 quokka skeletons
  8 rats
168 creatures vanquished.

Notes
Turn   | Place    | Note
-------+----------+-------------------------------------------
     0 | D:1      | xccam the Gnoll Wanderer began the quest for the Orb.
     0 | D:1      | xccam set off with: a wand of paralysis (15), a scroll of teleportation, a potion of curing, a +0 robe, a +0 club, a ration
     0 | D:1      | Reached XP level 1. HP: 20/20 MP: 2/2
   104 | D:1      | Reached XP level 2. HP: 26/26 MP: 3/3
   609 | D:1      | Reached XP level 3. HP: 31/31 MP: 4/4
  1121 | D:2      | Reached skill level 1 in Invocations
  1303 | D:2      | Reached skill level 1 in Long Blades
  1303 | D:2      | Reached skill level 1 in Axes
  1303 | D:2      | Reached skill level 1 in Maces & Flails
  1303 | D:2      | Reached skill level 1 in Polearms
  1303 | D:2      | Reached skill level 1 in Staves
  1303 | D:2      | Reached skill level 1 in Slings
  1303 | D:2      | Reached skill level 1 in Bows
  1303 | D:2      | Reached skill level 1 in Crossbows
  1303 | D:2      | Reached skill level 1 in Throwing
  1303 | D:2      | Reached skill level 1 in Armour
  1303 | D:2      | Reached skill level 1 in Shields
  1303 | D:2      | Reached skill level 1 in Spellcasting
  1305 | D:2      | Reached XP level 4. HP: 27/38 MP: 4/6
  1377 | D:2      | Reached skill level 1 in Conjurations
  1377 | D:2      | Reached skill level 1 in Hexes
  1377 | D:2      | Reached skill level 1 in Charms
  1377 | D:2      | Reached skill level 1 in Summonings
  1377 | D:2      | Reached skill level 1 in Necromancy
  1377 | D:2      | Reached skill level 1 in Translocations
  1377 | D:2      | Reached skill level 1 in Transmutations
  1377 | D:2      | Reached skill level 1 in Fire Magic
  1377 | D:2      | Reached skill level 1 in Ice Magic
  1377 | D:2      | Reached skill level 1 in Air Magic
  1377 | D:2      | Reached skill level 1 in Earth Magic
  1377 | D:2      | Reached skill level 1 in Poison Magic
  2045 | D:3      | Reached XP level 5. HP: 42/43 MP: 7/7
  2400 | D:3      | Found a glowing drain.
  2657 | D:4      | Found a deep blue altar of Sif Muna.
  2752 | D:4      | Reached XP level 6. HP: 45/50 MP: 8/8
  3075 | D:4      | Reached skill level 5 in Fighting
  3075 | D:4      | Reached skill level 5 in Short Blades
  3292 | D:4      | Noticed an ice beast
  3300 | D:4      | Killed an ice beast
  3435 | D:5      | Entered Level 5 of the Dungeon
  3523 | D:5      | Reached XP level 7. HP: 55/56 MP: 10/10
  3552 | D:5      | Reached skill level 7 in Unarmed Combat
  4154 | D:5      | Reached XP level 8. HP: 49/63 MP: 12/12
  4414 | D:5      | Found a hazy altar of Hepliaklqana.
  4483 | D:6      | Found a shimmering altar of Xom.
  5098 | D:6      | Noticed p0werm0de's ghost (amateur FeCK)
  5104 | D:6      | Killed p0werm0de's ghost
  5135 | D:6      | Found a radiant altar of Vehumet.
  5145 | D:6      | Found a glowing silver altar of Zin.
  5381 | D:7      | Noticed Joseph
  5392 | D:7      | Killed Joseph
  5392 | D:7      | Reached XP level 9. HP: 65/69 MP: 14/14
  5835 | D:7      | Found a staircase to the Ecumenical Temple.
  5842 | Temple   | Entered the Ecumenical Temple
  5847 | Temple   | Became a worshipper of Cheibriados the Contemplative
  6145 | D:8      | Reached skill level 5 in Dodging
  6145 | D:8      | Reached skill level 5 in Evocations
  6276 | D:8      | Noticed a two-headed ogre
  6279 | D:8      | Noticed a mana viper
  6279 | D:8      | a two-headed ogre changed into a mana viper
  6314 | D:8      | Killed a mana viper
  6314 | D:8      | Reached skill level 5 in Stealth
  6314 | D:8      | Reached skill level 8 in Unarmed Combat
  6421 | D:8      | Found a burning altar of Makhleb.
  6448 | D:8      | Found a white marble altar of Elyvilon.
  6581 | D:8      | Reached skill level 5 in Invocations
  6591 | D:8      | Reached * piety under Cheibriados
  6712 | D:8      | Found a blossoming altar of Fedhas.
  6717 | D:8      | Found a stormy altar of Qazlal.
  6905 | D:8      | Noticed a two-headed ogre
  6907 | D:8      | Noticed a shock serpent
  6907 | D:8      | a two-headed ogre changed into a shock serpent
  6914 | D:8      | Noticed an elephant
  6914 | D:8      | a shock serpent changed into an elephant
  6920 | D:8      | HP: 3/71 [elephant (6)]
  6922 | D:8      | Slain by an elephant

Vault maps used:
D:1:      dpeg_arrival_stone_temple_mockup
D:2:      first_ration, serial_bayou_pond_a
D:3:      mumra_celtic_spiral_tile, cheibrodos_sewer_entry_bend
D:4:      lemuel_crystal_altar
D:5:      nicolae_overflow_hidden_temple, serial_curves, eino_curves_02,
          eino_curves_01
D:6:      minitemple, basic_altar
D:7:      minmay_temple_entry_nine_rooms, uniq_joseph
D:8:      grunt_temple_overflow_forces_of_nature,
          nicolae_overflow_crystal_walls, serial_co_window_serial,
          co_window_paths_a, co_window_of_opportunity_a,
          co_window_of_opportunity_a, co_window_cross_1,
          co_window_of_opportunity_a, co_window_paths_a,
          co_window_of_opportunity_a, co_window_corner_cb,
          co_window_unsneaky_path_a, co_window_of_opportunity_b,
          co_window_unsneaky_path_c, elyvilon_altar_1
Temple:   minmay_freezing_vapour_temple

Skill      XL: |  1  2  3  4  5  6  7  8  9 |
---------------+----------------------------+-----
Invocations    | 1 2 3 4 5 |  5.1
Long Blades    | 1 2 3 4 |  4.6
Axes           | 1 2 3 4 |  4.6
Maces & Flails | 1 2 3 4 |  4.6
Polearms       | 1 2 3 4 |  4.6
Staves         | 1 2 3 4 |  4.6
Slings         | 1 2 3 4 |  4.6
Bows           | 1 2 3 4 |  4.6
Crossbows      | 1 2 3 4 |  4.6
Throwing       | 1 2 3 4 |  4.6
Armour         | 1 2 3 4 |  4.6
Shields        | 1 2 3 4 |  4.6
Spellcasting   | 1 2 3 4 |  4.6
Conjurations   | 1 2 3 |  3.8
Hexes          | 1 2 3 |  3.8
Charms         | 1 2 3 |  3.8
Summonings     | 1 2 3 |  3.8
Necromancy     | 1 2 3 |  3.8
Translocations | 1 2 3 |  3.8
Transmutations | 1 2 3 |  3.8
Fire Magic     | 1 2 3 |  3.8
Ice Magic      | 1 2 3 |  3.8
Air Magic      | 1 2 3 |  3.8
Earth Magic    | 1 2 3 |  3.8
Poison Magic   | 1 2 3 |  3.8
Dodging        | 3 4 5 |  5.4
Evocations     | 3 4 5 |  5.4
Stealth        | 3 4 5 |  5.3
Fighting       | 5 6 |  6.6
Short Blades   | 5 6 |  6.6
Unarmed Combat | 7 8 |  8.1

Action                   |  1- 3 |  4- 6 |  7- 9 || total
-------------------------+-------+-------+-------++-------
Melee: Unarmed           |   101 |    28 |       ||   129
       Bite              |     9 |    28 |    79 ||   116
       Short sword       |       |   181 |   301 ||   482
       Punch             |       |     5 |    10 ||    15
       Spear             |       |       |   250 ||   250
Throw: Javelin           |       |     1 |       ||     1
Evoke: Wand              |       |     2 |    25 ||    27
  Use: Scroll            |       |     6 |     7 ||    13
       Potion            |       |       |     4 ||     4
 Stab: Sleeping          |     4 |       |       ||     4
       Paralysed         |       |     2 |     4 ||     6
  Eat: Chunk             |     1 |     6 |     6 ||    13
       Ration            |       |     1 |     1 ||     2
Armor: Robe              |    15 |       |       ||    15
       Plate armour      |    14 |    85 |   228 ||   327
Dodge: Dodged            |    58 |    52 |   115 ||   225
Block: Shield            |       |       |   105 ||   105

Table legend:
 A = Spawn XP
 B = Non-spawn XP
 C = Spawn XP percentage of total XP
 D = Spawn monster count
 E = Non-spawn monster count
 F = Spawn count percentage of total count
 G = Total turns spent on level
                    A         B        C        D         E        F      G
               +---------+---------+-------+---------+---------+-------+---------
         Total |       0 |    4593 |   0.0 |       0 |     168 |   0.0 |  6922
               +---------+---------+-------+---------+---------+-------+---------
           D:1 |       0 |      37 |   0.0 |       0 |      22 |   0.0 |   800
           D:2 |       0 |     101 |   0.0 |       0 |      23 |   0.0 |   901
           D:3 |       0 |     121 |   0.0 |       0 |      24 |   0.0 |   956
           D:4 |       0 |     312 |   0.0 |       0 |      14 |   0.0 |   778
           D:5 |       0 |     794 |   0.0 |       0 |      30 |   0.0 |  1021
           D:6 |       0 |     668 |   0.0 |       0 |      15 |   0.0 |   886
           D:7 |       0 |    1094 |   0.0 |       0 |      21 |   0.0 |   754
           D:8 |       0 |    1466 |   0.0 |       0 |      19 |   0.0 |   809
               +---------+---------+-------+---------+---------+-------+---------
